 Dungeon Crawl Stone Soup version 0.30.0-15-g856e2d3f33 (webtiles) character file.

Game seed: 16579391947597879356

107431 Lavandula the Tortoise (level 16, -2/99 (117) HPs)
             Began as a Barachi Enchanter on May 19, 2023.
             Was an Elder of Hepliaklqana.
             Hit by a boomerang thrown by a merfolk (5 damage)
             ... on level 4 of the Shoals.
             The game lasted 01:41:47 (23401 turns).

Lavandula the Tortoise (Barachi Enchanter)         Turns: 23401, Time: 01:41:48

HP:   -2/99 (117)   AC: 42    Str: 12    XL:     16   Next: 46%
MP:   22/22         EV:  8    Int: 22    God:    Hepliaklqana [****..]
Gold: 1613          SH:  0    Dex: 17    Spells: 5/23 levels left

rFire   . . .        j - +6 quick blade (holy)
rCold   + + .        (no shield)
rNeg    . . .        Q - +12 plate armour of Qocza {Fly rC+ Int+2}
rPois   .            S - +3 hat of Eternal Night {rC- Dex+3 SInv}
rElec   .            K - scarf {+Inv}
rCorr   .            M - +2 pair of gloves
SInv    +            O - +3 pair of mountain boots {steadfast, rC+}
Will    ++...        z - amulet of Vitality {RegenMP++ Regen++} Stlth
                     e - ring of willpower
HPRegen 1.96/turn    p - ring of protection from cold
MPRegen 0.98/turn

%: no passive effects
@: unable to hop, flying, very slightly contaminated, heavily drained,
invisible, slow
A: reduced essence, amphibious, slowness 1, strong legs 2, +LOS
a: Hop, Renounce Religion, Evoke Invisibility, Recall Ancestor, Ancestor
Identity, Transference, Idealise


You were on level 4 of the Shoals.
You worshipped Hepliaklqana.
Hepliaklqana was greatly pleased with you.
You visited 5 branches of the dungeon, and saw 22 of its levels.
You also visited: Sewer, Bailey and Volcano.

You collected 2575 gold pieces.
You spent 962 gold pieces at shops.

Inventory:

Hand Weapons
 j - a +6 quick blade of holy wrath (weapon)
 I - a +0 broad axe of flaming
Missiles
 w - 9 curare-tipped darts (quivered)
 R - 3 throwing nets
Armour
 A - +0 fire dragon scales
 D - a +3 ring mail of cold resistance
 F - a scarf of shadows
 G - a +2 plate armour of fire resistance
 K - a scarf of invisibility (worn)
 M - a +2 pair of gloves (worn)
 O - the +3 pair of mountain boots (worn) {steadfast, rC+}
   (You found it on level 5 of the Lair of Beasts)

   Steadfast: It prevents involuntary movement, except for blinking,
   teleportation, or banishment.
   rC:        It protects you from cold.
 Q - the +12 plate armour of Qocza (worn) {Fly rC+ Int+2}
   (You found it on level 5 of the Lair of Beasts)

   Int:       It affects your intelligence (+2).
   rC:        It protects you from cold.
   Fly:       It grants you flight.
 S - the +3 hat of Eternal Night (worn) {rC- Dex+3 SInv}
   (You bought it in a shop on level 1 of the Dungeon)

   Dex:       It affects your dexterity (+3).
   rC:        It makes you vulnerable to cold.
   SInv:      It lets you see invisible.
 T - the +2 scale mail of Fanyru {rElec Will++}
   (You found it on level 3 of the Shoals)

   rElec:     It insulates you from electricity.
   Will:      It greatly increases your willpower.
Jewellery
 e - a ring of willpower (left hand)
 o - a ring of fire
 p - a ring of protection from cold (right hand)
 z - the amulet of Vitality (around neck) {RegenMP++ Regen++}
   (You found it on level 8 of the Dungeon)

   [amulet of magic regeneration]

   It increases your rate of magic regeneration.
   Regen:     It increases your rate of health regeneration.
 E - the ring "Keitwonn" {Wiz Will+}
   (You found it on level 9 of the Dungeon)

   [ring of wizardry]

   It improves your spell success rate.
   Will:      It increases your willpower.
 L - a ring of positive energy
Wands
 a - a wand of digging (4)
 N - a wand of quicksilver (6)
Scrolls
 g - 2 scrolls of teleportation
 h - 7 scrolls of identify
 m - 3 scrolls of vulnerability
 r - 5 scrolls of amnesia
 v - 2 scrolls of fog
 x - 2 scrolls of butterflies
 y - a scroll of blinking
 C - 4 scrolls of magic mapping
 P - a scroll of enchant armour
Potions
 b - a potion of haste
 c - a potion of invisibility
 f - 4 potions of cancellation
 i - 4 potions of heal wounds
 k - 12 potions of curing
 n - a potion of might
 q - a potion of resistance
 s - 3 potions of mutation
 t - 3 potions of berserk rage
 u - 3 potions of flight
 B - 3 potions of lignification
 H - a potion of ambrosia
 J - 4 potions of brilliance


   Skills:
 - Level 13.2 Fighting
 - Level 10.0 Short Blades
 - Level 19.0 Armour
 - Level 9.8 Dodging
 - Level 8.5 Stealth
 - Level 4.0 Spellcasting
 - Level 3.6 Hexes
 - Level 10.0 Air Magic
 - Level 6.0 Invocations
 - Level 12.8 Evocations


You had 5 spell levels left.
You knew the following spells:

 Your Spells              Type           Power      Damage    Failure   Level
a - Ensorcelled Hibernat  Hex/Ice        24%        N/A       90%         2
b - Ozocubu's Armour      Ice            4%         N/A       100%        3
c - Tukima's Dance        Hex            20%        N/A       88%         3
d - Confusing Touch       Hex            20%        N/A       88%         3
e - Airstrike             Air            24%        2d(4-20)  41%         4
f - Swiftness             Air            48%        N/A       14%         3

Your spell library contained the following spells:

 Spells                   Type           Power      Damage    Failure   Level
 Shock                    Conj/Air       100%       1d9       34%         1
 Beastly Appendage        Tmut           8%         N/A       95%         1
 Summon Small Mammal      Summ           16%        N/A       95%         1
 Summon Lightning Spire   Summ/Air       26%        N/A       98%         4
 Passwall                 Tmut/Erth      3%         N/A       99%         2
 Wereblood                Tmut           4%         N/A       99%         2
 Dazzling Flash           Conj/Hex       24%        N/A       99%         3
 Portal Projectile        Hex/Tloc       24%        N/A       99%         3
 Summon Guardian Golem    Hex/Summ       12%        N/A       99%         3
 Call Canine Familiar     Summ           4%         N/A       100%        3
 Spider Form              Tmut/Pois      4%         N/A       100%        3
 Volatile Blastmotes      Fire/Tloc      8%         2d10      100%        3
 Animate Armour           Summ/Erth      8%         N/A       100%        4
 Iskenderun's Mystic Bla  Conj/Tloc      4%         2d3       100%        4
 Leda's Liquefaction      Hex/Erth       6%         N/A       100%        4
 Alistair's Intoxication  Tmut/Pois      2%         N/A       100%        5
 Blade Hands              Tmut           2%         N/A       100%        5
 Borgnjor's Vile Clutch   Necr/Erth      2%         N/A       100%        5
 Eringya's Noxious Bog    Tmut/Pois      2%         N/A       100%        6
 Iron Shot                Conj/Erth      2%         9d2       100%        6
 Starburst                Conj/Fire      2%         6d3       100%        6
 Ozocubu's Refrigeration  Ice            2%         4d7       100%        7
 Storm Form               Tmut/Air       13%        N/A       100%        7
 Maxwell's Capacitive Co  Air            24%        ∞         100%        8


Dungeon Overview and Level Annotations

Branches:
Dungeon (10/15)            Temple (1/1) D:4            Lair (5/5) D:8
 Shoals (4/4) Lair:2        Snake (0/4) Lair:3        Slime (0/5) Lair:5
    Orc (2/2) D:10            Elf (0/3) Orc:2         Sewer (visited)
 Bailey (visited)         Volcano (visited)

Altars:
Ashenzari
Cheibriados
Dithmenos
Elyvilon
Fedhas
Gozag
Hepliaklqana
Kikubaaqudgha
Makhleb
Nemelex Xobeh
Okawaru
Qazlal
Ru
Sif Muna
Trog
Uskayaw
Vehumet
Wu Jian
Xom
Yredelemnul
Zin
The Shining One

Shops:
D:1 *   D:10 [   Orc:1 (   Orc:2 (::!

Portals:
Bazaar: Shoals:4

Annotations:
D:9 exclusion: ice statue
Lair:3 MacCMillion's ghost, journeyman HOFi
Shoals:1 1 runed translucent door


Innate Abilities, Weirdness & Mutations

Your life essence is reduced to manifest your ancestor. (-10% HP)
You are amphibious.
You cover ground slowly.
You can hop long distances.
You have an extended range of vision and can be seen from far away.


Message History

A merfolk impaler and 4 merfolk come into view.
Boing!
The sea snake hisses angrily.
The harpy screeches!
The merfolk impaler shouts!
The merfolk shouts! x2; You hear a shout!
The merfolk closely misses you.
A wind drake comes into view.
The merfolk javelineer throws a silver javelin.
The silver javelin pierces through the merfolk!!
Flame seeps out of the merfolk. x2
The silver javelin pierces through the faun!!
The silver javelin pierces through you!!
The merfolk throws a boomerang.
The boomerang barely misses you.
A merfolk comes into view. It is wielding a +0 glaive.
The harpy screeches!
Blink to where?
Press: ? - help, Dir - move target A merfolk comes into view.
It is wielding a +0 trident.
As you read the scroll of blinking, it crumbles to dust.
The sea snake hisses angrily. x2; The merfolk shouts!
The harpy screeches!
The merfolk impaler shouts!
The merfolk shouts!
The merfolk is engulfed in blazing flames.
The merfolk explodes!
The fiery explosion engulfs the merfolk!!
The merfolk is heavily wounded.
The fiery explosion engulfs the faun!!!
You kill the faun!
The fiery explosion engulfs the merfolk javelineer!!
The merfolk javelineer is moderately wounded.
The merfolk javelineer is engulfed in blazing flames.
The merfolk javelineer throws a silver javelin.
The silver javelin pierces through you!
* * * LOW HITPOINT WARNING * * *
x2 The harpy claws you but does no damage.
The harpy completely misses you.
The merfolk javelineer throws a silver javelin.
The silver javelin pierces through you!
* * * LOW HITPOINT WARNING * * *
x2 The silver javelin pierces through the harpy!
Flame seeps out of the harpy. x2; The merfolk throws a boomerang.
The boomerang hits you.
You die...

.......~P~≈≈≈≈PP~~~~~....~~,,,,,,
........~~~~~~PP~~~~~....,,,,,,,,
.......~~~P~~~m~P..~~PP.#*,,,,,,,
.......~..~~~~.......~..#P,,,,,,,
...~..~~.................P,,,,,,,
.....~........m.........##*,,,,,,
..........................*,,,,,*
......#...).§☼☼..H.(....#.,,,,,,,
.....##..○°°☼○☼.@H.......#*,,,,,*
.~≈.###..☼.☼§§§...........,,,,,,*
..≈≈.##...○☼§☼.m.§........,,,,,,,
≈≈≈≈.##.....m..°°§§.(....P,,,,,,,
≈~≈≈.##.....~~~H§○m.m.S.m.,,,,,,,
~≈≈≈~.#..mm~~~~~§m..~.Smmm,,,,,,,
.~≈~,,#....?~~~~~...m...k.,,,,,,,
~,,,...m###..~~~~~........,,,,,,~
~,,##...* ##..~≈~~~.......,,,,,~~


You could see 2 merfolk javelineers, 2 sea snakes, a merfolk aquamancer, a wind
drake (wandering, repels missiles, unable to see you), 10 merfolk and 3 harpies.

Vanquished Creatures
  Jorgrun (Orc:2)
  Polyphemus (Shoals:2)
  A kraken (Shoals:2)
  Kirke (Shoals:3)
  Ilsuiw (Shoals:2)
  A stone giant (Volcano)
  2 merfolk javelineers
  8 merfolk impalers
  A fire dragon (Lair:5)
  5 hydras
  2 merfolk avatars (Shoals:1)
  A catoblepas (Shoals:2)
  A centaur warrior (Shoals:1)
  4 ogre magi (Orc:2)
  2 merfolk aquamancers (Shoals:1)
  10 two-headed ogres
  3 death yaks (Shoals:2)
  A skyshark (Shoals:2)
  A sea snake (Shoals:2)
  Pikel (D:7)
  A lindwurm (Lair:5)
  An orc knight (Bailey)
  5 harpies
  11 fauns
  An orc sorcerer (Orc:2)
  A cyclops (Orc:1)
  6 manticores
  7 elephants
  3 black mambas
  3 water nymphs (Shoals:4)
  5 merfolk sirens
  A gargoyle (Volcano)
  4 cane toads
  3 molten gargoyles
  An unseen horror (D:9)
  3 komodo dragons
  An efreet (Volcano)
  A freezing wraith (D:9)
  2 rime drakes
  22 merfolk
  5 trolls
  A wind drake (Shoals:1)
  4 dream sheep (Lair:3)
  6 blink frogs
  5 snapping turtles
  61 yaks
  2 water elementals (Shoals:1)
  2 fire bats
  A shadow (D:9)
  4 hogs (Shoals:3)
  5 wyverns
  3 steam dragons
  7 basilisks
  2 vampire mosquitoes (D:9)
  Menkaure (D:4)
  4 wargs
  13 water moccasins
  A dancing weapon (D:9)
  4 hell hounds (Lair:5)
  An ice beast (D:5)
  19 orc warriors
  2 centaurs
  7 wolves
  19 ogres
  4 lemures (D:7)
  8 bullfrogs
  2 kobold brigands (D:9)
  3 scorpions
  An earth elemental (Volcano)
  5 wights (D:9)
  2 hexers
  5 killer bees
  3 howler monkeys (D:9)
  6 electric eels
  10 lava snakes
  13 orc priests
  6 hounds
  A sleepcap (D:6)
  3 hell rats (Lair:1)
  3 iguanas
  11 orc wizards
  4 gnolls (Bailey)
  9 adders
  A river rat (Sewer)
  2 white imps
  An ufetubus (D:5)
  2 dart slugs (D:4)
  38 orcs
  3 endoplasms
  3 giant cockroaches
  13 goblins
  6 hobgoblins
  7 quokkas
  8 ball pythons
  4 bats
  4 frilled lizards
  14 kobolds
  10 rats
524 creatures vanquished.

Vanquished Creatures (collateral kills)
  A fenstrider witch (Shoals:1)
  A merfolk impaler (Shoals:1)
  A catoblepas (Lair:2)
  2 two-headed ogres (Orc:2)
  2 merfolk avatars (Shoals:3)
  A death yak (Shoals:2)
  2 merfolk aquamancers (Shoals:1)
  A skyshark (Lair:4)
  3 sea snakes
  An orc knight (Bailey)
  A harpy (Shoals:1)
  2 orc sorcerers
  A cyclops (Orc:1)
  3 elephants
  3 black mambas
  A gargoyle (Volcano)
  3 cane toads
  2 rime drakes (Lair:2)
  3 komodo dragons
  2 kobold demonologists (Bailey)
  A polar bear (Lair:5)
  6 merfolk
  A wind drake (Shoals:3)
  A blink frog (Lair:5)
  2 hornets
  2 snapping turtles (Shoals:4)
  2 dream sheep (Lair:3)
  3 wyverns
  3 water elementals
  2 hogs (Shoals:3)
  2 basilisks (Lair:5)
  A fire elemental (Volcano)
  2 fire bats
  15 yaks
  A warg (Orc:1)
  An acid dragon (D:10)
  A naga (Lair:3)
  3 water moccasins
  2 black bears
  4 orc warriors
  A centaur (D:7)
  A wolf (Lair:3)
  5 ogres
  A phantom (D:5)
  2 kobold brigands
  5 bullfrogs
  A scorpion (D:5)
  A gnoll sergeant (D:9)
  An earth elemental (Volcano)
  4 killer bees
  3 electric eels (Bailey)
  2 howler monkeys
  2 lava snakes
  4 orc priests
  2 hounds
  2 hell rats (Lair:1)
  6 orc wizards
  8 adders
  2 dart slugs
  25 orcs
  An endoplasm (D:4)
  A giant cockroach (D:3)
  4 goblins (Bailey)
  3 hobgoblins
  2 kobolds
  A quokka (D:2)
  2 ball pythons
  A frilled lizard (Sewer)
  2 rats
186 creatures vanquished.

Vanquished Creatures (others)
  A two-headed ogre (Orc:2)
  2 merfolk sirens
  A black mamba (Lair:5)
  A komodo dragon (Lair:5)
  A water elemental (Shoals:1)
  A water moccasin (Lair:5)
  An ogre (Orc:2)
  25 hexers
  2 ancestors (D:2)
  25 tentacles
60 creatures vanquished.

Grand Total: 770 creatures vanquished

Notes
Turn   | Place    | Note
-------+----------+-------------------------------------------
     0 | D:1      | Lavandula the Barachi Enchanter began the quest for the
                  | Orb.
     0 | D:1      | Reached XP level 1. HP: 13/13 MP: 3/3
    70 | D:1      | Found Kenwo's General Store.
   238 | D:1      | Reached XP level 2. HP: 19/19 MP: 5/5
   247 | D:1      | Learned a level 2 spell: Ensorcelled Hibernation
   312 | D:1      | Found a faded altar of an unknown god.
   632 | D:1      | Prayed at the altar of an unknown god.
   632 | D:1      | Became a worshipper of Hepliaklqana the Forgotten
   632 | D:1      | Reached * piety under Hepliaklqana
   689 | D:2      | Reached XP level 3. HP: 10/21 MP: 6/6
  1092 | D:2      | Reached XP level 4. HP: 24/27 MP: 7/7
  1099 | D:2      | Learned a level 3 spell: Ozocubu's Armour
  1306 | D:2      | Reached XP level 5. HP: 12/53 MP: 3/8
  1321 | D:2      | Reached XP level 6. HP: 7/59 MP: 5/9
  2261 | D:3      | Reached ** piety under Hepliaklqana
  2262 | D:3      | Remembered your ancestor Kermit as a hexer
  2294 | D:3      | Reached skill level 5 in Short Blades
  2689 | D:4      | You fall into a shaft and drop 3 floors!
  2711 | D:5      | Entered Level 5 of the Dungeon
  2711 | D:5      | Noticed a water moccasin
  2716 | D:5      | Reached XP level 7. HP: 62/64 MP: 10/10
  2845 | D:4      | Noticed Menkaure
  2850 | D:4      | Killed Menkaure
  3007 | D:4      | Found a glowing drain.
  3011 | Sewer    | Entered a sewer
  3559 | D:4      | Reached *** piety under Hepliaklqana
  3861 | D:4      | Reached XP level 8. HP: 51/71 MP: 11/11
  3865 | D:4      | Learned a level 3 spell: Tukima's Dance
  3869 | D:4      | Learned a level 3 spell: Confusing Touch
  4059 | D:4      | Found a staircase to the Ecumenical Temple.
  4110 | Temple   | Entered the Ecumenical Temple
  5123 | D:5      | Found a stormy altar of Qazlal.
  5312 | D:5      | Found a sacrificial altar of Ru.
  5700 | D:6      | Found a white marble altar of Elyvilon.
  6065 | D:6      | Reached XP level 9. HP: 34/76 MP: 8/12
  6504 | D:7      | Noticed Pikel
  6550 | D:7      | Killed Pikel
  6551 | D:7      | Reached skill level 10 in Short Blades
  6551 | D:7      | Reached skill level 2 in Armour
  6660 | D:7      | Reached skill level 3 in Armour
  6740 | D:7      | Found a hide-covered altar of Uskayaw.
  6919 | D:7      | Reached **** piety under Hepliaklqana
  7003 | D:7      | Reached skill level 4 in Armour
  7103 | D:7      | Found a sparkling altar of Nemelex Xobeh.
  7185 | D:7      | Found a broken altar of Ashenzari.
  7380 | D:7      | Reached skill level 5 in Armour
  7502 | D:8      | Found a staircase to the Lair.
  7535 | D:8      | Reached skill level 6 in Armour
  7535 | D:8      | Reached XP level 10. HP: 71/82 MP: 13/13
  7695 | D:8      | Found a bloodstained altar of Trog.
  7720 | D:8      | Identified the +3 robe "Rodgh" {-Tele rElec rN+ Str+5}
  7775 | D:8      | Reached skill level 1 in Invocations
  7797 | D:8      | Paralysed by a hornet for 3 turns
  7854 | D:8      | Found a glowing golden altar of the Shining One.
  7894 | D:8      | Found the amulet of Vitality {RegenMP++ Regen++}
  8060 | D:8      | Found a burning altar of Makhleb.
  8147 | D:9      | Found a flagged portal.
  8162 | Bailey   | Entered a bailey
  8314 | Bailey   | Noticed an orc knight
  8342 | Bailey   | Killed an orc knight
  8449 | Bailey   | Reached skill level 5 in Invocations
  8478 | Bailey   | Noticed an orc knight
  8521 | Bailey   | Killed an orc knight
  8693 | Bailey   | Noticed a kobold demonologist
  8703 | Bailey   | Noticed an orange demon
  8704 | Bailey   | Noticed a sun demon
  8787 | Bailey   | Found an iron altar of Okawaru.
  8800 | Bailey   | Noticed a kobold demonologist
  8809 | Bailey   | Killed a kobold demonologist
  8820 | Bailey   | Killed a kobold demonologist
  9115 | Bailey   | Acquired a +2 quick blade of holy wrath
  9271 | D:9      | Noticed a two-headed ogre
  9281 | D:9      | Reached XP level 11. HP: 70/88 MP: 15/15
  9286 | D:9      | Reached skill level 5 in Dodging
  9348 | D:9      | Paralysed by a hornet for 1 turns
  9666 | D:9      | Killed a two-headed ogre
  9832 | D:9      | Found a hazy altar of Hepliaklqana.
 10361 | D:9      | Identified the ring "Keitwonn" {Wiz Will+}
 10483 | D:10     | Entered Level 10 of the Dungeon
 10705 | D:10     | Found a staircase to the Orcish Mines.
 10750 | D:10     | Learned a level 4 spell: Airstrike
 10901 | D:10     | Reached skill level 1 in Air Magic
 11053 | D:10     | Reached XP level 12. HP: 84/94 MP: 18/18
 11234 | D:10     | Reached skill level 5 in Air Magic
 11329 | D:10     | Found a shadowy altar of Dithmenos.
 11521 | D:10     | Found a radiant altar of Vehumet.
 11582 | D:10     | Found a bloodstained altar of Trog.
 11787 | D:10     | Found Fereydun's Dragon-Slaying Spoils.
 11876 | Lair:1   | Entered Level 1 of the Lair of Beasts
 12680 | Lair:1   | Reached skill level 10 in Air Magic
 13103 | Lair:2   | Found a staircase to the Shoals.
 13173 | Lair:1   | Reached skill level 5 in Stealth
 13285 | Lair:2   | Reached ***** piety under Hepliaklqana
 13395 | Lair:2   | Gained mutation: You can hop long distances. [Barachi
                  | growth]
 13395 | Lair:2   | Reached XP level 13. HP: 90/99 MP: 14/19
 14314 | Lair:3   | Reached skill level 1 in Evocations
 14387 | Lair:3   | Found a staircase to the Snake Pit.
 14528 | Lair:3   | Found a runed translucent door.
 14529 | Lair:3   | Noticed MacCMillion's ghost (journeyman HOFi)
 15059 | Lair:4   | Reached skill level 5 in Evocations
 16169 | Lair:5   | Entered Level 5 of the Lair of Beasts
 16327 | Lair:5   | Reached XP level 14. HP: 92/93 MP: 20/20
 16359 | Lair:5   | Reached skill level 10 in Evocations
 16424 | Lair:5   | Found a dark tunnel.
 16429 | Volcano  | Entered a volcano
 16620 | Volcano  | Found a burning altar of Makhleb.
 16635 | Volcano  | Noticed a stone giant
 16657 | Volcano  | Killed a stone giant
 16833 | Lair:5   | Found a staircase to the Slime Pits.
 16944 | Lair:5   | Found the +3 pair of mountain boots {steadfast, rC+}
 17256 | Lair:5   | Identified the +12 plate armour of Qocza {Fly rC+ Int+2}
 17484 | Lair:5   | Found a large runed translucent door.
 17540 | Lair:5   | Found a large runed translucent door.
 18385 | Orc:1    | Entered Level 1 of the Orcish Mines
 18460 | Orc:1    | Found Gyelut's Firing Range.
 18480 | Orc:1    | Bought a throwing net for 30 gold pieces
 18480 | Orc:1    | Bought a throwing net for 30 gold pieces
 18542 | Orc:1    | Reached skill level 7 in Armour
 18999 | Orc:2    | Entered Level 2 of the Orcish Mines
 18999 | Orc:2    | Found a staircase to the Elven Halls.
 19234 | Orc:2    | Paralysed by an ogre mage for 4 turns
 19258 | Orc:2    | Noticed Jorgrun
 19260 | Orc:2    | Reached skill level 8 in Armour
 19370 | Orc:2    | Reached skill level 9 in Armour
 19438 | Orc:2    | Reached skill level 10 in Armour
 19556 | Orc:2    | Killed Jorgrun
 19557 | Orc:2    | Reached skill level 11 in Armour
 19557 | Orc:2    | Reached XP level 15. HP: 86/100 MP: 21/21
 19646 | Orc:2    | Found Wannoam's Distillery.
 19647 | Orc:2    | Found Tison's Book Shoppe.
 19647 | Orc:2    | Found Otucw's Antique Weapon Shop.
 19647 | Orc:2    | Found Fomaw's Book Shoppe.
 19672 | Orc:2    | Reached skill level 12 in Armour
 19846 | Orc:2    | Bought a potion of mutation for 88 gold pieces
 19846 | Orc:2    | Bought a potion of heal wounds for 55 gold pieces
 19846 | Orc:2    | Bought a potion of heal wounds for 55 gold pieces
 19846 | Orc:2    | Bought a potion of ambrosia for 88 gold pieces
 19846 | Orc:2    | Bought a potion of curing for 33 gold pieces
 19846 | Orc:2    | Bought a potion of curing for 33 gold pieces
 20127 | Orc:2    | Learned a level 3 spell: Swiftness
 20445 | D:1      | Bought the +3 hat of Eternal Night {rC- Dex+3 SInv} for 295
                  | gold pieces
 20445 | D:1      | Bought a potion of resistance for 100 gold pieces
 20445 | D:1      | Bought a scroll of blinking for 75 gold pieces
 20445 | D:1      | Bought a potion of invisibility for 80 gold pieces
 20650 | Shoals:1 | Entered Level 1 of the Shoals
 20665 | Shoals:1 | Noticed a kraken
 20783 | Shoals:1 | Reached skill level 13 in Armour
 20803 | Shoals:1 | a kraken changed into a fenstrider witch
 20803 | Shoals:1 | Noticed a fenstrider witch
 20808 | Shoals:1 | Killed a fenstrider witch
 20876 | Shoals:1 | Noticed a kraken
 21061 | Shoals:1 | Reached skill level 14 in Armour
 21130 | Shoals:1 | Found a runed translucent door.
 21137 | Shoals:1 | Noticed a kraken
 21463 | Shoals:1 | Reached skill level 15 in Armour
 21501 | Shoals:1 | Noticed a kraken
 21770 | Shoals:2 | Noticed Ilsuiw
 21778 | Shoals:2 | Reached skill level 16 in Armour
 21779 | Shoals:2 | Killed Ilsuiw
 22033 | Shoals:2 | Noticed a kraken
 22045 | Shoals:2 | Killed a kraken
 22143 | Shoals:2 | Noticed Polyphemus
 22168 | Shoals:2 | Reached XP level 16. HP: 101/102 MP: 22/22
 22199 | Shoals:2 | Reached skill level 17 in Armour
 22305 | Shoals:2 | Killed Polyphemus
 22598 | Shoals:3 | Noticed Kirke
 22627 | Shoals:3 | Killed Kirke
 22631 | Shoals:3 | Reached skill level 18 in Armour
 23109 | Shoals:3 | Identified the +2 scale mail of Fanyru {rElec Will++}
 23171 | Shoals:3 | Noticed a kraken
 23295 | Shoals:4 | Entered Level 4 of the Shoals
 23385 | Shoals:4 | Found a flickering gateway to a bazaar.
 23397 | Shoals:4 | Reached skill level 19 in Armour
 23401 | Shoals:4 | HP: 3/99 [merfolk javelineer/silver javelin (5)]
 23401 | Shoals:4 | Hit by a boomerang thrown by a merfolk

Illustrated notes

Levels and vault maps discovered:
D:1:      dpeg_arrival_shelter, layout_basic,
          dreamdust_ecumenical_altar_angels_and_demons, serial_shops,
          nicolae_shop_statue_plus, minmay_statues_item
D:2:      cheibrodos_pilgrimage, layout_basic, chequers_serial_rivers_micro_e,
          kennysheep_generic_room_12
D:3:      wander_river, layout_loops_cross, dk_noncrumbling_3
D:4:      layout_loops_corners, minmay_temple_entry_fiery,
          gup_sewer_entry_spiral, minmay_quantized, uniq_menkaure
D:5:      layout_basic, lemuel_tele_altar, marbit_many_paths
D:6:      layout_basic, elyvilon_altar_1, minmay_starry_boxes
D:7:      layout_basic, lemuel_round_altar, kennysheep_mini_moat,
          lemuel_crystal_altar, enter_ossuary_1,
          nicolae_kite_square_tiling_tiny, uniq_pikel, uniq_duvessa
D:8:      layout_rooms, lightli_temple_of_fire, overflow_temple_1_default,
          bloody_trog, erik_lair_orcish_takeover,
          hellmonk_guarded_unrand_vitality_bloodlust
D:9:      cheibrodos_fzero, layout_basic, mainiacjoe_overflow_catwalk,
          enter_bailey_2, minivault_16, dreamdust_wishing_well
D:10:     layout_loops_ring, mainiacjoe_overflow_alcove_2, lemuel_doored_altar,
          david_orc_2, minivault_1, nicolae_shop_dragon_depot,
          minmay_door_square, david_defended_altar_orc
Temple:   dpeg_chambers_temple
Lair:1:   layout_regular_city
Lair:2:   layout_gridlike, nicolae_shoals_entry_roost, grunt_megastairs_5,
          lemuel_fruit_tree, infiniplex_staircase_pool
Lair:3:   layout_loops_ring, guppyfry_snake_entry_island,
          ebering_ghost_inner_flame, guppyfry_lair_drakes
Lair:4:   layout_small_grid
Lair:5:   cheibrodos_lair_end_hotspot, layout_regular_city, slime_entry_1,
          enter_volcano_4, nicolae_lair_liquid_snakes
Shoals:1: nicolae_shoals_lighthouse, layout_shoals
Shoals:2: layout_shoals, uniq_polyphemus, uniq_ilsuiw
Shoals:3: layout_shoals, nicolae_shoals_gull_way, uniq_kirke
Shoals:4: shoals_end_grunt_garden, layout_shoals, serial_shops,
          bzr_entry_customers
Orc:1:    layout_caves, nicolae_shop_firing_range
Orc:2:    st_orc_ogre_mass, layout_caves, nicolae_orc_tapped_out, uniq_jorgrun

Skill      XL: |  1  2  3  4  5  6  7  8  9 10 11 12 13 14 15 16 |
---------------+-------------------------------------------------+-----
Short Blades   | 2 3 4 5 7 9 10 | 10.0
Fighting       | 13 | 13.2
Armour         | 6 11 16 19 | 19.0
Invocations    | 6 |  6.0
Dodging        | 4 9 |  9.8
Spellcasting   | 4 |  4.0
Stealth        | 3 6 8 |  8.5
Air Magic      | 3 10 | 10.0
Evocations     | 9 12 | 12.8
Hexes          | |  3.6

Action                     |  1- 3 |  4- 6 |  7- 9 | 10-12 | 13-15 | 16-18 || total
---------------------------+-------+-------+-------+-------+-------+-------++-------
  Melee: Dagger            |    73 |    89 |   395 |       |       |       ||   557
         Punch             |       |     2 |     7 |    23 |    30 |     2 ||    64
         Short sword       |       |       |    68 |   178 |       |       ||   246
         Quick blade       |       |       |       |  1331 |  1767 |   257 ||  3355
  Throw: Dart              |       |       |       |     1 |     5 |     1 ||     7
         Throwing net      |       |       |       |       |     4 |     1 ||     5
         Javelin           |       |       |       |       |       |     3 ||     3
   Cast: Ensorcelled Hiber |       |     3 |       |       |       |       ||     3
         Confusing Touch   |       |       |     2 |     5 |    10 |       ||    17
         Tukima's Dance    |       |       |     1 |     8 |       |       ||     9
         Airstrike         |       |       |       |    11 |    48 |     1 ||    60
 Invoke: Ancestor Identity |     2 |       |       |       |       |       ||     2
         Recall Ancestor   |       |     1 |       |     1 |     5 |       ||     7
         Ancestor Life: He |       |     1 |       |       |       |       ||     1
         Idealise          |       |       |       |     5 |    10 |     3 ||    18
Ability: Hop               |       |     1 |     1 |     3 |     6 |     2 ||    13
         Evoke Invisibilit |       |       |       |       |    23 |     5 ||    28
  Evoke: Wand              |       |     4 |       |     1 |    16 |     1 ||    22
    Use: Potion            |       |     3 |       |       |     7 |     1 ||    11
         Scroll            |       |     6 |     9 |    10 |    20 |     6 ||    51
   Stab: Sleeping          |     7 |     7 |     9 |     1 |     2 |       ||    26
         Invisible         |       |     2 |       |       |   102 |    27 ||   131
         Paralysed         |       |     1 |       |     1 |    21 |     6 ||    29
         Confused          |       |     1 |    18 |    33 |    47 |     1 ||   100
         Distracted        |       |       |    10 |     7 |    19 |     4 ||    40
         Held in net/web   |       |       |       |       |       |     1 ||     1
         Petrified         |       |       |       |       |       |     1 ||     1
 Armour: Robe              |     8 |    11 |    46 |       |       |       ||    65
         Ring mail         |       |       |    55 |   234 |   132 |       ||   421
         Plate armour      |       |       |       |       |   350 |   110 ||   460
  Dodge: Dodged            |    41 |    46 |   147 |   329 |   367 |    53 ||   983
